 Dungeon Crawl Stone Soup version 0.30.1-4-g462c640d31 (webtiles) character file.

Game seed: 7708521837166266938

490 MrPagan1517 the Chopper (level 6, -5/56 HPs)
             Began as a Minotaur Fighter on Sept 18, 2023.
             Was a Follower of Okawaru.
             Slain by an ogre
             ... wielding a +0 giant spiked club
              (30 damage)
             ... on level 5 of the Dungeon.
             The game lasted 00:11:43 (3739 turns).

MrPagan1517 the Chopper (Minotaur Fighter)          Turns: 3739, Time: 00:11:44

Health: -5/56      AC:  8    Str: 23    XL:     6   Next: 90%
Magic:  5/5        EV: 10    Int:  5    God:    Okawaru [*.....]
Gold:   179        SH:  4    Dex:  9    Spells: 5/5 levels left

rFire   . . .        a - +0 war axe
rCold   . . .        c - +0 buckler
rNeg    + . .        b - +1 scale mail
rPois   .            (helmet restricted)
rElec   .            p - scarf {harm}
rCorr   .            (no gloves)
SInv    .            (no boots)
Will    .....        (no amulet) Stlth
                     f - ring of positive energy
HPRegen 0.29/turn    (no ring)
MPRegen 0.09/turn

%: harm (+30% outgoing, +20% incoming)
@: marked
A: horns 2, retaliatory headbutt
a: Renounce Religion, Heroism


You were on level 5 of the Dungeon.
You worshipped Okawaru.
Okawaru was aware of your devotion.
You visited 1 branch of the dungeon, and saw 5 of its levels.
You also visited: Sewer.

You collected 179 gold pieces.

Inventory:

Hand Weapons
 a - a +0 war axe (weapon)
Missiles
 i - a throwing net (quivered)
 u - 5 javelins
Armour
 b - a +1 scale mail (worn)
 c - a +0 buckler (worn)
 p - a scarf of harm (worn)
Jewellery
 f - a ring of positive energy (left hand)
 t - a ring of see invisible
Scrolls
 e - a scroll of poison
 g - 2 scrolls of blinking
 s - 2 scrolls of teleportation
Potions
 d - 2 potions of might
 h - 2 potions of curing
 j - a potion of invisibility {unknown}
 k - 2 potions of brilliance {unknown}
 l - 2 potions of lignification
 m - 3 potions of mutation {unknown}
 n - 2 potions of heal wounds
 o - a potion of resistance {unknown}
 q - 3 potions of ambrosia
 r - a potion of magic {unknown}
 v - 2 potions of experience {unknown}


   Skills:
 + Level 5.0 Fighting
 + Level 5.7 Axes
 + Level 5.6 Armour
 + Level 2.0 Dodging
 + Level 5.0 Shields


You had 5 spell levels left.
You didn't know any spells.
Your spell library contained the following spells:

 Spells                   Type           Power      Damage    Failure   Level
 Beastly Appendage        Tmut           0%         N/A       83%         1
 Freeze                   Ice            0%         1d3       83%         1
 Magic Dart               Conj           0%         1d3       83%         1
 Sting                    Tmut/Pois      0%         1d3       83%         1
 Wereblood                Tmut           0%         N/A       92%         2
 Spider Form              Tmut/Pois      0%         N/A       99%         3


Dungeon Overview and Level Annotations

Branches:
Dungeon (5/15)             Temple (0/1) D:4           Sewer (visited)

Altars:
Dithmenos
Kikubaaqudgha
Okawaru
Vehumet

Shops:
D:1 =   D:4 *


Innate Abilities, Weirdness & Mutations

You have a pair of horns on your head.
You reflexively headbutt those who attack you in melee.


Message History

An ogre comes into view. It is wielding a +0 giant club.
The ogre moves out of view.
A white imp and an orc come into view.
The hound bites you but does no damage.
You miss the hound. You headbutt the hound!
The hound is heavily wounded.
You closely miss the iguana. The hound completely misses you.
The hound closely misses you. You furiously retaliate!
You headbutt the hound!
You kill the hound!
Okawaru accepts your kill.
An orc comes into view. It is wielding a +0 hand axe.
The iguana bites you.
Your Fighting skill increases to level 5!
Your Dodging skill increases to level 2!
The iguana attacks as you move away! The iguana bites you!
The iguana attacks as you move away! The iguana bites you!
A gnoll comes into view. It is wielding a +0 club.
The adder bites you but does no damage.
An orc wizard comes into view. It is wielding a +0 dagger.
The iguana bites you!
* * * LOW HITPOINT WARNING * * *
An orc comes into view. It is wielding a +0 dagger.
A gnoll comes into view. It is wielding a +0 whip.
The adder bites you but does no damage.
A hound comes into view.
You feel much better. You block the adder's attack.
The ogre hits you with a +0 giant spiked club!
The iguana bites you!
* * * LOW HITPOINT WARNING * * *
An orc comes into view. It is wielding a +0 club.
You block the iguana's attack. The iguana closely misses you.
A hound comes into view.
The adder closely misses you.
You feel much better.
An orc priest comes into view. It is wielding a +0 flail.
The iguana bites you. The iguana barely misses you.
The adder completely misses you.
The ogre hits you with a +0 giant spiked club!!
Ouch! That really hurt!
You die...

..######....# .
###.....#.# # #######
#.......#.#
.###.....#
#.####..#.# o..o....#
#.#.....#.# #g.....#
#.#.###.#.#
#####..g..###.#.###.#
........O.....#.....#
###..OS@...########
#.).ll#.>....
#...5o####### #.o†.h#
#..o..# #.o.>.#
#.h.... ........
.....#....


You could see 2 ogres, 2 iguanas, 2 hounds, an orc priest, an orc wizard, 2
gnolls, an adder, a white imp and 4 orcs.

Vanquished Creatures
  An ogre (D:4)
  2 kobold brigands (Sewer)
  A hound (D:5)
  An iguana (D:4)
  Robin (D:2)
  6 adders
  4 gnolls (D:4)
  A white imp (D:5)
  A worm (D:2)
  A dart slug (D:3)
  2 orcs (D:4)
  7 ball pythons
  3 endoplasms
  2 giant cockroaches
  10 goblins
  6 hobgoblins
  10 jackals
  10 quokkas
  3 bats
  2 frilled lizards
  24 kobolds
  8 rats
106 creatures vanquished.

Notes
Turn   | Place    | Note
-------+----------+-------------------------------------------
     0 | D:1      | MrPagan1517 the Minotaur Fighter began the quest for the
                  | Orb.
     0 | D:1      | Reached XP level 1. HP: 19/19 MP: 0/0
   310 | D:1      | Reached XP level 2. HP: 26/27 MP: 1/1
   842 | D:1      | Found Hakhlaom's Jewellery Boutique.
  1032 | D:2      | Reached XP level 3. HP: 33/33 MP: 2/2
  1156 | D:2      | Found a faded altar of an unknown god.
  1432 | D:2      | Found a radiant altar of Vehumet.
  1688 | D:2      | Noticed Robin
  1698 | D:2      | Reached XP level 4. HP: 36/40 MP: 3/3
  1705 | D:2      | Killed Robin
  2077 | D:3      | Found an iron altar of Okawaru.
  2091 | D:3      | Got Tyozic's Even Ex-Berserkers Can Use Occult Knowledge!
  2102 | D:3      | Became a worshipper of Warmaster Okawaru
  2124 | D:3      | Reached skill level 1 in Dodging
  2689 | D:4      | Reached XP level 5. HP: 22/46 MP: 4/4
  2858 | D:4      | Found a staircase to the Ecumenical Temple.
  2931 | D:4      | Found a shadowy altar of Dithmenos.
  2961 | D:4      | Noticed an ogre
  2966 | D:4      | Killed an ogre
  2967 | D:4      | Reached skill level 5 in Armour
  3002 | D:4      | Found a glowing drain.
  3019 | Sewer    | Entered a sewer
  3077 | Sewer    | Reached XP level 6. HP: 53/53 MP: 5/5
  3157 | Sewer    | HP: 1/53 [kobold brigand/+0 dagger (9)]
  3169 | Sewer    | Reached skill level 5 in Axes
  3179 | Sewer    | Reached * piety under Okawaru
  3391 | D:4      | Found Jaereive's Elemental Accessories.
  3402 | D:4      | Found an ancient bone altar of Kikubaaqudgha.
  3424 | D:4      | Reached skill level 5 in Shields
  3669 | D:5      | Entered Level 5 of the Dungeon
  3734 | D:5      | Reached skill level 5 in Fighting
  3739 | D:5      | Slain by an ogre

Illustrated notes

Levels and vault maps discovered:
D:1:      eino_arrival_druids_welcome, layout_basic, serial_shops,
          nicolae_shop_advertising_works [nicolae_subvault_shop_adworks],
          eino_curves_02, minmay_crystal_water, wad_floor_pattern_untrapped
D:2:      layout_basic, basic_altar, ebering_ecumenical_altar_rust,
          chequers_serial_rivers_large_b, kennysheep_generic_room_2, uniq_robin
D:3:      layout_basic, old_standard_altar
D:4:      layout_cave_pools, kiku_gazebo_garden_becter, grunt_dithmenos_smoke,
          minmay_temple_entry_statues_pillars, portal_sewer_entry_f,
          nicolae_elemental_shop
D:5:      layout_basic, zin_treasury, corexii_leaking_fountain,
          minmay_diced_spiral

Skill      XL: |  1  2  3  4  5  6 |
---------------+-------------------+-----
Armour         | 4 5 |  5.6
Shields        | 4 5 |  5.0
Fighting       | 4 5 |  5.0
Axes           | 3 4 5 |  5.7
Dodging        | 1 2 |  2.0

Action                     |  1- 3 |  4- 6 || total
---------------------------+-------+-------++-------
  Melee: War axe           |    63 |   123 ||   186
         Headbutt          |     8 |    13 ||    21
    Use: Scroll            |       |    13 ||    13
         Potion            |       |     7 ||     7
 Armour: Scale mail        |    34 |    79 ||   113
  Dodge: Dodged            |    31 |    78 ||   109
  Block: Buckler           |    17 |    35 ||    52
